 Dungeon Crawl Stone Soup version 0.21.1-1-g345015f (webtiles) character file.

3367 inspiredunease the Severer (level 9, 0/71 HPs)
             Began as a Minotaur Fighter on July 24, 2018.
             Was a Follower of Makhleb.
             Slain by a wolf (2 damage)
             ... led by Grum
             ... on level 8 of the Dungeon.
             The game lasted 01:09:48 (7905 turns).

inspiredunease the Severer (Minotaur Fighter)       Turns: 7905, Time: 01:09:49

Health: 0/71       AC: 11    Str: 20    XL:     9   Next: 73%
Magic:  8/8        EV: 12    Int:  5    God:    Makhleb [*.....]
Gold:   415        SH:  9    Dex: 14    Spells: 8/8 levels left

rFire    + + .     SeeInvis .   a - +1 war axe
rCold    x . .     Gourm    +   l - +0 shield
rNeg     . . .     Faith    .   v - +1 fire dragon scales
rPois    +         Spirit   .   (helmet restricted)
rElec    .         Reflect  .   (no cloak)
rCorr    .         Harm     .   c - +0 pair of gloves
MR       .....                  (no boots)
Stlth    ..........             C - amulet of the gourmand
HPRegen  0.21/turn              m - ring of poison resistance
MPRegen  0.11/turn              A - +5 ring of evasion

@: no status effects
A: retaliatory headbutt, horns 2
a: Renounce Religion


You were on level 8 of the Dungeon.
You worshipped Makhleb.
Makhleb was aware of your devotion.
You were not hungry.

You visited 1 branch of the dungeon, and saw 8 of its levels.

You collected 415 gold pieces.

Inventory:

Hand Weapons
 a - a +1 war axe (weapon)
Missiles
 g - 84 sling bullets
 h - 65 stones (quivered)
 n - 19 poisoned needles
Armour
 c - a +0 pair of gloves (worn)
 l - a +0 shield (worn)
 v - +1 fire dragon scales (worn)
 D - a +0 helmet
Jewellery
 m - a ring of poison resistance (left hand)
 A - a +5 ring of evasion (right hand)
 B - the ring of Sloth {rC++ Str+6 Int-2 SInv Stlth-}
   (You found it on level 6 of the Dungeon)

   [ring of see invisible]

   It affects your strength (+6).
   It affects your intelligence (-2).
   It greatly protects you from cold.
   It lets you see invisible.
   It makes you less stealthy.
 C - an amulet of the gourmand (around neck)
Wands
 j - a wand of flame (19)
 x - a wand of iceblast (12)
 y - a wand of disintegration (11)
Scrolls
 e - a scroll of enchant armour
 i - 5 scrolls of remove curse
 k - a scroll of identify
 p - 2 scrolls of enchant weapon
 s - 2 scrolls of teleportation
 w - a scroll of magic mapping
Potions
 b - 2 potions of heal wounds {unknown}
 d - 2 potions of might
 r - a potion of lignification
 u - a potion of cancellation
 E - 3 potions of curing {unknown}
Comestibles
 f - 13 rations


   Skills:
 - Level 3.8 Fighting
 + Level 15.1 Axes
 + Level 1.1 Throwing
 - Level 3.8 Armour
 - Level 1.0 Dodging
 + Level 1.7 Stealth
 - Level 3.7 Shields
 + Level 1.3 Evocations


You had 8 spell levels left.
You didn't know any spells.

Dungeon Overview and Level Annotations

Branches:
Dungeon (8/15)             Temple (0/1) D:7
   Lair: D:8-11

Altars:
Dithmenos
Fedhas
Gozag
Kikubaaqudgha
Makhleb
Nemelex Xobeh
Qazlal
Yredelemnul

Shops:
D:5 =[([   D:7 *

Annotations:
D:8 Grum


Innate Abilities, Weirdness & Mutations

You reflexively headbutt those who attack you in melee.
You have a pair of horns on your head.


Message History

The two-headed ogre is heavily wounded.
You hit the wolf. You hit Grum. The wolf bites you.
The two-headed ogre hits you with a giant spiked club!!
* * * LOW HITPOINT WARNING * * *
The two-headed ogre misses you. Grum closely misses you.
You block the wolf's attack. Grum closely misses you.
You see here a bullfrog corpse.
The wolf bites you!
* * * LOW HITPOINT WARNING * * *
You found a teleport trap!
You block the wolf's attack. The wolf bites you.
* * * LOW HITPOINT WARNING * * *
You block the wolf's attack. The wolf closely misses you.
The wolf bites you but does no damage. The wolf closely misses you.
The wolf barely misses you. The wolf bites you.
* * * LOW HITPOINT WARNING * * *
The wolf bites you.
You die...

#.#
#...........####.....#.......
#.###.#............. ..
##...... #......#........##
....... #......#......^.#
........ #............gO.#
.##..... #......#........####
.# #.....
#.)....#...........##
#.######.......hh...#### #.##
#######..@....... ...#
#.......... ...#########
#..<.......
...........####.........
...#######.............. ...#
#####.......### ####
#.......# #.......# ##.....##


You could see a two-headed ogre, Grum and 2 wolves.

Vanquished Creatures
  Grinder (D:5)
  Sigmund (D:6)
  Eustachio (D:6)
  Menkaure (D:5)
  3 ice beasts
  An orc warrior (D:7)
  A black bear (D:6)
  A phantom (D:4)
  3 ogres
  A wolf (D:8)
  2 centaurs (D:6)
  2 bullfrogs
  A water moccasin zombie (D:6)
  2 scorpions
  A killer bee (D:7)
  4 wights (D:6)
  A howler monkey (D:5)
  An electric eel (D:7)
  A crimson imp (D:5)
  A bullfrog zombie (D:7)
  5 hounds
  2 jellies
  5 orc priests
  7 orc wizards
  3 iguanas
  4 worker ants
  2 hound skeletons
  12 gnolls
  6 adders
  3 shadow imps
  2 oozes
  An adder zombie (D:5)
  An adder skeleton (D:4)
  2 worms
  3 dart slugs
  2 leopard geckos
  21 orcs
  3 bats
  5 giant cockroaches
  4 goblins
  3 hobgoblins (D:2)
  10 jackals
  3 quokkas
  2 ball pythons (D:1)
  4 frilled lizards (D:2)
  A giant cockroach zombie (D:6)
  12 kobolds
  A leopard gecko skeleton (D:8)
  5 rats
164 creatures vanquished.

Notes
Turn   | Place    | Note
-------+----------+-------------------------------------------
     0 | D:1      | inspiredunease the Minotaur Fighter began the quest for the Orb.
     0 | D:1      | Reached XP level 1. HP: 19/19 MP: 0/0
    48 | D:1      | Reached XP level 2. HP: 27/27 MP: 1/1
    54 | D:1      | Reached skill level 3 in Axes
   762 | D:2      | Reached XP level 3. HP: 33/33 MP: 2/2
   765 | D:2      | Reached skill level 4 in Axes
  1162 | D:2      | Reached skill level 1 in Dodging
  1344 | D:3      | Found a stormy altar of Qazlal.
  1360 | D:3      | Found a blossoming altar of Fedhas.
  1451 | D:3      | Found an ancient bone altar of Kikubaaqudgha.
  1556 | D:3      | Reached XP level 4. HP: 40/40 MP: 3/3
  1605 | D:3      | Reached skill level 5 in Axes
  1676 | D:3      | Found a sparkling altar of Nemelex Xobeh.
  1676 | D:3      | Found an opulent altar of Gozag.
  1818 | D:4      | Noticed an ogre
  1824 | D:4      | Killed an ogre
  1824 | D:4      | Reached skill level 6 in Axes
  1824 | D:4      | Reached XP level 5. HP: 46/46 MP: 4/4
  1883 | D:4      | Reached skill level 7 in Axes
  2090 | D:4      | Reached XP level 6. HP: 47/52 MP: 5/5
  2367 | D:4      | Reached skill level 8 in Axes
  2657 | D:5      | Entered Level 5 of the Dungeon
  3001 | D:4      | Reached XP level 7. HP: 46/58 MP: 6/6
  3318 | D:4      | Reached skill level 9 in Axes
  3413 | D:4      | Reached skill level 1 in Throwing
  3815 | D:5      | Found Keol's Armour Shop.
  3914 | D:5      | Found a burning altar of Makhleb.
  3922 | D:5      | Reached skill level 10 in Axes
  3932 | D:5      | Noticed Menkaure
  3932 | D:5      | Became a worshipper of Makhleb the Destroyer
  4235 | D:5      | Noticed Grinder
  4369 | D:5      | Found Moukaxurch's Weapon Shop.
  4672 | D:5      | Paralysed by Grinder for 3 turns
  4683 | D:5      | Paralysed by Grinder for 7 turns
  4698 | D:5      | Killed Grinder
  4698 | D:5      | Reached skill level 11 in Axes
  4698 | D:5      | Reached XP level 8. HP: 57/66 MP: 7/7
  4772 | D:5      | Killed Menkaure
  4773 | D:5      | Found Abig's Antique Armour Emporium.
  4879 | D:5      | Found Wogeghec's Jewellery Emporium.
  5583 | D:6      | Reached skill level 12 in Axes
  5675 | D:6      | Noticed Sigmund
  5689 | D:6      | Killed Sigmund
  5689 | D:6      | Reached skill level 1 in Stealth
  5766 | D:6      | Got a smoking pewter ring
  5770 | D:6      | Identified the ring of Sloth {rC++ Str+6 Int-2 SInv Stlth-} (You found it on level 6 of the Dungeon)
  5847 | D:6      | Reached skill level 1 in Evocations
  5874 | D:6      | Reached skill level 13 in Axes
  5899 | D:6      | Reached XP level 9. HP: 71/71 MP: 8/8
  6093 | D:7      | Found Unyfuace's Assorted Antiques.
  6138 | D:7      | Found a staircase to the Ecumenical Temple.
  6544 | D:7      | Reached * piety under Makhleb
  6544 | D:7      | Reached skill level 14 in Axes
  7515 | D:6      | Found a shadowy altar of Dithmenos.
  7518 | D:6      | Found a basalt altar of Yredelemnul.
  7620 | D:6      | Noticed Eustachio
  7630 | D:6      | Killed Eustachio
  7879 | D:8      | Noticed Grum
  7884 | D:8      | Noticed a two-headed ogre
  7888 | D:8      | Reached skill level 15 in Axes
  7899 | D:8      | HP: 2/71 [wolf[Grum] (5)]
  7904 | D:8      | HP: 2/71 [wolf[Grum] (1)]
  7905 | D:8      | Slain by a wolf

Skill      XL: |  1  2  3  4  5  6  7  8  9 |
---------------+----------------------------+-----
Axes           | 3 4 6 7 8 11 13 15 | 15.1
Dodging        | 1 |  1.0
Throwing       | 1 |  1.1
Stealth        | 1 |  1.7
Evocations     | 1 |  1.3
Fighting       | |  3.8
Armour         | |  3.8
Shields        | |  3.7

Action                   |  1- 3 |  4- 6 |  7- 9 || total
-------------------------+-------+-------+-------++-------
Melee: War axe           |    87 |    96 |   315 ||   498
       Headbutt          |    13 |    16 |    62 ||    91
Throw: Stone             |       |     1 |       ||     1
Evoke: Wand              |       |     3 |     2 ||     5
  Use: Scroll            |     3 |     3 |     8 ||    14
       Potion            |       |       |     6 ||     6
  Eat: Chunk             |     2 |     4 |    10 ||    16
       Ration            |       |     1 |     2 ||     3
Armor: Scale mail        |    20 |    20 |    16 ||    56
       Fire dragon scale |       |       |    62 ||    62
       Skin              |       |       |     1 ||     1
Dodge: Dodged            |    22 |    32 |    91 ||   145
Block: Shield            |    45 |    35 |   118 ||   198
